 Dungeon Crawl Stone Soup version 0.31.0-11-ge490571c62 (webtiles) character file.

Game seed: 2358558305372185483

345 qw the Skirmisher (level 6, -1/35 HPs)
             Began as a Deep Elf Hunter on Feb 4, 2024.
             Slain by a gnoll
             ... wielding a +0 halberd
              (7 damage)
             ... on level 3 of the Dungeon.
             The game lasted 00:00:08 (1570 turns).

qw the Skirmisher (Deep Elf Hunter)                 Turns: 1570, Time: 00:00:09

Health: -1/35      AC:  6    Str: 10    XL:     6   Next: 32%
Magic:  8/8        EV: 11    Int: 14    God:
Gold:   165        SH:  0    Dex: 18    Spells: 5/5 levels left

rFire   . . .        a - +0 shortbow
rCold   . . .        (shield currently unavailable)
rNeg    . . .        f - +1 ring mail
rPois   .            (no helmet)
rElec   .            (no cloak)
rCorr   .            (no gloves)
SInv    .            (no boots)
Will    .....        (no amulet)
Stlth   +            (no ring)
HPRegen 0.25/turn    (no ring)
MPRegen 0.11/turn

%: no passive effects
@: no status effects
A: no striking features
a: no special abilities


You were on level 3 of the Dungeon.
You visited 1 branch of the dungeon, and saw 3 of its levels.

You collected 165 gold pieces.


   Skills:
 - Level 2.0 Fighting
 + Level 9.8 Ranged Weapons
 - Level 2.4 Dodging
 - Level 1.2 Stealth


You had 5 spell levels left.
You didn't know any spells.
Your spell library was empty.

Inventory:

Hand Weapons
 a - a +0 shortbow (weapon)
Armour
 f - a +1 ring mail (worn)
Wands
 b - a wand of iceblast (4)
Scrolls
 c - a scroll of fog {unknown}
 d - 2 scrolls of teleportation {unknown}
Potions
 e - a potion of brilliance {unknown}
 h - 3 potions of curing

Dungeon Overview and Level Annotations

Branches:
Dungeon (3/15)

Altars:


Message History

You kill the gnoll!
You shoot an arrow. The arrow barely misses the gnoll.
A gnoll comes into view. It is wielding a +0 club.
You shoot an arrow. The arrow barely misses the gnoll.
The arrow hits the gnoll.
The gnoll is moderately wounded.
The gnoll hits you from afar with a +0 halberd!
You shoot an arrow. The arrow hits the gnoll!
You kill the gnoll!
The gnoll hits you from afar with a +0 halberd.
You shoot an arrow.
The arrow hits the gnoll but does no damage.
The gnoll is moderately wounded.
The gnoll hits you from afar with a +0 halberd!
You shoot an arrow.
The arrow hits the goblin but does no damage.
The goblin hits you but does no damage. The gnoll misses you.
You shoot an arrow. The arrow hits the goblin.
The goblin is severely wounded.
The goblin barely misses you. The gnoll completely misses you.
You shoot an arrow. The arrow barely misses the goblin.
The arrow barely misses the gnoll.
The goblin barely misses you. The gnoll closely misses you. x2
You shoot an arrow. The arrow barely misses the goblin.
The arrow hits the gnoll.
The gnoll is heavily wounded.
The goblin hits you but does no damage.
The gnoll hits you from afar with a +0 halberd.
The gnoll hits you with a +0 club.
You shoot an arrow. The arrow closely misses the goblin.
The arrow hits the gnoll.
The gnoll is almost dead.
The gnoll barely misses you. The goblin closely misses you.
The gnoll hits you from afar with a +0 halberd.
The gnoll closely misses you. The goblin hits you but does no damage.
The gnoll barely misses you.
You shoot an arrow. The arrow hits the goblin.
You kill the goblin!
The gnoll hits you with a +0 club.
The gnoll hits you from afar with a +0 halberd!
You die...

#..#.. #.
#.. . .##.
#. #.. ..
.... #. #.<
..#.)
#.##.##
#..#.
#.....#
.....
#.g...#
...#.
#####.)g..#
.#
#....)@...#
..
#.........#
..
#.........#
#.
.........>.#
#
...........#
#
##.........#
###
#.........#
##..
#.......>.#
##...
#.........#
##....


You could see 2 gnolls.

Vanquished Creatures
  Grinder (D:3)
  An orc wizard (D:3)
  2 adders
  2 gnolls (D:3)
  A dart slug (D:2)
  A ribbon worm (D:2)
  8 orcs
  6 endoplasms
  3 giant cockroaches
  6 goblins
  7 hobgoblins
  4 jackals (D:2)
  3 quokkas
  5 ball pythons
  9 bats
  A frilled lizard (D:1)
  4 kobolds
64 creatures vanquished.

Notes
Turn   | Place    | Note
-------+----------+-------------------------------------------
     0 | D:1      | qw the Deep Elf Hunter began the quest for the Orb.
     0 | D:1      | Reached XP level 1. HP: 12/12 MP: 3/3
     0 | D:1      | 0 ||| qw: Version: 0.3-a-160-g6735b56
     0 | D:1      | 0 ||| qw: Game counter: 4441
     0 | D:1      | 0 ||| qw: Melee chars always use a shield: true
     0 | D:1      | 0 ||| qw: God list: Okawaru
     0 | D:1      | 0 ||| qw: Allow faded altars: false
     0 | D:1      | 0 ||| qw: Do Orc after clearing Dungeon:15 true
     0 | D:1      | 0 ||| qw: Do second Lair branch before Depths: true
     0 | D:1      | 0 ||| qw: Lair rune preference: random
     0 | D:1      | 0 ||| qw: Goals: Normal
     0 | D:1      | 0 ||| PLANNING D:1-11
    97 | D:1      | Reached skill level 6 in Ranged Weapons
    97 | D:1      | Reached XP level 2. HP: 16/16 MP: 4/4
   248 | D:1      | HP: 4/16 [goblin/+0 club (2)]
   492 | D:1      | Reached XP level 3. HP: 20/20 MP: 5/5
   508 | D:1      | 508 ||| UPGRADING to +0 ring mail.
   518 | D:1      | 518 ||| DROPPING +0 leather armour.
   519 | D:1      | 519 ||| READING scroll labelled NOUKOSTRAOPYGE.
   520 | D:1      | 520 ||| READING 2 scrolls labelled JIOMENKOSHAA.
   520 | D:1      | 520 ||| IDENTIFYING 2 blue potions
   521 | D:1      | 521 ||| READING scroll of identify.
   521 | D:1      | 521 ||| IDENTIFYING 3 scrolls labelled CYUGICVACA
   522 | D:1      | 522 ||| DROPPING scroll of butterflies.
   523 | D:1      | 523 ||| DROPPING 3 scrolls of blinking.
   874 | D:2      | 874 ||| FLEEEEING.
   884 | D:2      | 884 ||| FLEEEEING.
   886 | D:2      | 886 ||| FLEEEEING.
   887 | D:2      | 887 ||| FLEEEEING.
   888 | D:2      | 888 ||| FLEEEEING.
   971 | D:2      | Reached skill level 7 in Ranged Weapons
  1276 | D:2      | Reached XP level 4. HP: 25/25 MP: 6/6
  1365 | D:2      | 1365 ||| READING scroll of identify.
  1365 | D:2      | 1365 ||| IDENTIFYING scroll labelled AQITOPRI CUYG
  1366 | D:2      | 1366 ||| READING scroll labelled OPSAQIF SAKE.
  1366 | D:2      | 1366 ||| ENCHANTING +0 ring mail.
  1367 | D:2      | 1367 ||| DROPPING scroll of summoning.
  1408 | D:3      | Noticed Grinder
  1411 | D:3      | 1411 ||| ZAPPING wand of iceblast (10) at -4,-2 (floor).
  1412 | D:3      | 1412 ||| ZAPPING wand of iceblast (9) at -4,-2 (Grinder;
                  | floor).
  1413 | D:3      | 1413 ||| ZAPPING wand of iceblast (8) at -3,-2 (Grinder;
                  | floor).
  1414 | D:3      | 1414 ||| ZAPPING wand of iceblast (7) at -2,-1 (Grinder;
                  | floor).
  1415 | D:3      | 1415 ||| ZAPPING wand of iceblast (6) at -3,-4 (Grinder;
                  | floor).
  1416 | D:3      | 1416 ||| ZAPPING wand of iceblast (5) at -2,-2 (floor).
  1416 | D:3      | Killed Grinder
  1417 | D:3      | Reached skill level 9 in Ranged Weapons
  1417 | D:3      | Reached XP level 5. HP: 29/29 MP: 7/7
  1417 | D:3      | Reached XP level 6. HP: 34/34 MP: 8/8
  1570 | D:3      | HP: 6/35 [gnoll/+0 club (3)]
  1570 | D:3      | Slain by a gnoll

Levels and vault maps discovered:
D:1:      nagdon_arrival_double_spiral, layout_rooms, chequers_arboretum
D:2:      layout_basic
D:3:      layout_rooms, dreamdust_ecumenical_altar_angels_and_demons,
          serial_curves, eino_curves_02, eino_curves_01,
          uniq_crazy_yiuf_cottage, uniq_grinder, uniq_jessica

Skill      XL: |  1  2  3  4  5  6 |
---------------+-------------------+-----
Ranged Weapons | 6 7 9 |  9.8
Fighting       | 2 |  2.0
Dodging        | |  2.4
Stealth        | |  1.2

Action                     |  1- 3 |  4- 6 || total
---------------------------+-------+-------++-------
   Fire: Shortbow          |   168 |    52 ||   220
  Evoke: Wand              |       |     6 ||     6
    Use: Scroll            |     3 |     2 ||     5
 Armour: Leather armour    |    28 |       ||    28
         Ring mail         |    15 |    14 ||    29
  Dodge: Dodged            |    41 |    21 ||    62

Table legend:
 A = Non-vault XP
 B = Vault XP
 C = Vault XP percentage of total XP
 D = Non-vault monster count
 E = Vault monster count
 F = Vault count percentage of total count
                 A         B        C        D         E       F
            +---------+---------+-------+---------+---------+-------
      Total |     205 |     290 |  58.6 |      63 |       1 |   1.6
            +---------+---------+-------+---------+---------+-------
        D:1 |      42 |       0 |   0.0 |      25 |       0 |   0.0
        D:2 |      65 |       0 |   0.0 |      24 |       0 |   0.0
        D:3 |      98 |     290 |  74.7 |      14 |       1 |   6.7
            +---------+---------+-------+---------+---------+-------
